 Dungeon Crawl Stone Soup version 0.17-a0-977-g4154171 (webtiles) character file.

210 saltylemon the Ducker (level 5, -1/40 HPs)
             Began as a Demonspawn Gladiator on May 11, 2015.
             Was an Initiate of Fedhas.
             Slain by an orc (4 damage)
             ... on level 9 of the Dungeon.
             The game lasted 00:07:40 (1838 turns).

saltylemon the Ducker (Demonspawn Gladiator)        Turns: 1838, Time: 00:07:41

Health: -1/40      AC: 11    Str: 16    XL:     5   Next: 57%
Magic:  5/5        EV: 15    Int:  9    God:    Fedhas [......]
Gold:   17         SH:  3    Dex: 14    Spells: 0 memorised, 4 levels left

rFire  . . .     SeeInvis .     s - +0 flail (protect)
rCold  . . .     Clarity  .     k - +0 ring mail
rNeg   . . .     SustAb   .     e - +0 buckler
rPois  .         Gourm    .     c - +0 helmet
rElec  .         Spirit   .     (no cloak)
rCorr  .         Warding  .     (no gloves)
rMut   .         Stasis   .     (no boots)
MR     .....                    (no amulet)
Stlth  +.........               (no ring)
                                j - ring of wizardry

@: not resistant to hostile enchantments, very unstealthy
A: repulsion field 2, powered by death 2
a: Renounce Religion


You were on level 9 of the Dungeon.
You worshipped Fedhas.
Fedhas was noncommittal.
You were not hungry.

You visited 1 branch of the dungeon, and saw 9 of its levels.

You collected 85 gold pieces.
You spent 68 gold pieces at shops.

Inventory:

Hand weapons
 a - a +0 war axe
 s - a +0 flail of protection (weapon)
 y - a +0 battleaxe
Missiles
 d - 2 throwing nets (quivered)
Armour
 b - a +0 leather armour
 c - a +0 helmet (worn)
 e - a +0 buckler (worn)
 k - a +0 ring mail (worn)
Jewellery
 j - a ring of wizardry (left hand)
Magical devices
 u - a wand of flame (25)
Scrolls
 f - 2 scrolls of remove curse {unknown}
 i - a scroll of noise {unknown}
 n - a scroll of immolation {unknown}
 o - a scroll of fog {unknown}
 r - 2 scrolls of identify {unknown}
 x - a scroll of teleportation {unknown}
Potions
 g - 2 potions of curing
 h - a potion of cancellation {unknown}
 l - 3 potions of degeneration {unknown}
 m - a potion of poison {unknown}
 p - a potion of invisibility {unknown}
 q - a potion of flight {unknown}
 t - a potion of haste {unknown}
 w - 2 potions of lignification {unknown}
Comestibles
 v - a meat ration


   Skills:
 + Level 2.8 Fighting
 + Level 3.6(3.7) Axes
 + Level 0.3(2.2) Maces & Flails
 + Level 1.8 Throwing
 + Level 1.8 Armour
 + Level 4.0 Dodging
 + Level 0.6 Stealth
 + Level 0.3 Shields


You had 4 spell levels left.
You didn't know any spells.

Dungeon Overview and Level Annotations

Branches:
Dungeon (9/15)
 Temple: D:4-7         Lair: D:8-11         Orc: D:9-12

Altars:
Fedhas
Qazlal
Xom

Shops:
D:7 [}(


Innate Abilities, Weirdness & Mutations

You are surrounded by a moderate repulsion field (EV +3).
You can steal the life force of defeated enemies.


Message History

The orc warrior is moderately wounded.
The orc hits you.
* * * LOW HITPOINT WARNING * * *
The orc closely misses you. The orc warrior misses you.
You closely miss the orc warrior.
The orc warrior is moderately wounded.
The orc closely misses you. The orc warrior closely misses you.
You completely miss the orc warrior.
The orc warrior is moderately wounded.
The orc barely misses you. The orc warrior barely misses you.
You hit the orc warrior but do no damage.
The orc warrior is moderately wounded.
The orc hits you but does no damage. The orc barely misses you.
The orc warrior hits you with a broad axe!
* * * LOW HITPOINT WARNING * * *
You closely miss the orc warrior.
The orc warrior is moderately wounded.
The orc hits you.
You die...
Fedhas appreciates your contribution to the ecosystem.

## .# .####### .#
.......# ..
.#####.# ###. # #
## #.# #.. .#.##
##.## #.#####.....
#...#####...#.....#
#..........o#...#
#...#######.@o#
......## #####
#####.# #.# #.# #.#
#.#


You could see an orc warrior and an orc.

Vanquished Creatures
  A giant frog (D:6)
  A scorpion (D:7)
  An orc priest (D:9)
  A hound skeleton (D:6)
  2 adders
  A shadow imp (D:5)
  2 oozes (D:2)
  3 orcs
  2 bats (D:1)
  4 giant cockroaches
  4 hobgoblins
  2 quokkas
  2 kobolds
  6 rats
32 creatures vanquished.

Vanquished Creatures (others)
  A bat (D:8)
  A giant spore (D:8)
  A toadstool (D:6)
3 creatures vanquished.

Grand Total: 35 creatures vanquished

Notes
Turn   | Place    | Note
--------------------------------------------------------------
     0 | D:1      | saltylemon, the Demonspawn Gladiator, began the quest for the Orb.
     0 | D:1      | Reached XP level 1. HP: 16/16 MP: 1/1
   321 | D:1      | Reached skill level 3 in Dodging
   378 | D:1      | Gained mutation: You can steal the life force of nearby defeated enemies. [demonic ancestry]
   378 | D:1      | Reached XP level 2. HP: 15/22 MP: 2/2
   720 | D:2      | Gained mutation: You are surrounded by a mild repulsion field (EV +2). [demonic ancestry]
   720 | D:2      | Reached XP level 3. HP: 9/27 MP: 3/3
  1054 | D:2      | Found a shimmering altar of Xom.
  1055 | D:2      | Found a shimmering altar of Xom.
  1093 | D:2      | Found a blossoming altar of Fedhas.
  1117 | D:2      | Became a worshipper of Fedhas Madash
  1309 | D:5      | Entered Level 5 of the Dungeon
  1447 | D:6      | Noticed a giant frog
  1458 | D:6      | Killed a giant frog
  1458 | D:6      | Reached skill level 1 in Armour
  1458 | D:6      | Gained mutation: You can steal the life force of defeated enemies. [demonic ancestry]
  1458 | D:6      | Reached XP level 4. HP: 15/34 MP: 4/4
  1580 | D:7      | Found Mudeq's Weapon Shoppe.
  1607 | D:7      | Bought a +0 flail of protection for 68 gold pieces
  1618 | D:7      | Found Opuvy's Gadget Shop.
  1665 | D:7      | Gained mutation: You are surrounded by a moderate repulsion field (EV +3). [demonic ancestry]
  1665 | D:7      | Reached XP level 5. HP: 32/39 MP: 5/5
  1682 | D:7      | Found Odaen's Antique Armour Shoppe.
  1693 | D:7      | Found a stormy altar of Qazlal.
  1698 | D:7      | Noticed a water elemental
  1698 | D:7      | Noticed a fire elemental
  1698 | D:7      | Noticed an air elemental
  1771 | D:8      | Reached skill level 4 in Dodging
  1820 | D:9      | Noticed an orc warrior
  1838 | D:9      | Slain by an orc

Vault maps used:
D:1:      dpeg_arrival_simpleton_a, st_stairs_3
D:2:      xom_redecorated, lemuel_coloured_pillars_altar,
          roderic_bipointed_swastika, minmay_bad_closet, fedhas_altar_2
D:4:      zin_scriptorium, first_bread, uniq_robin, uniq_natasha
D:5:      okawaru_trees_2, serial_shops, shop_coins, basic_altar,
          nicolae_ru_great_annihilating_truth, uniq_duvessa, uniq_edmund,
          uniq_blork_the_orc, uniq_prince_ribbit1
D:7:      nicolae_qazlal_style_of_elements, temple_hall, serial_shops,
          nicolae_shop_window_shopping, kennysheep_mini_moat,
          nicolae_shop_crystal, kennysheep_mini, nicolae_shop_overgrown_old_shop
D:8:      vehumet_altar_wand_db, lemuel_round_altar, the_bakery, tso_altar,
          uniq_grum
D:9:      serial_shops, shop, nicolae_shop_behind_doors, shop, shop,
          nemelex_xobeh_ov_fountains_minmay

Action                   |  1- 3 |  4- 6 || total
-------------------------+-------+-------++-------
Melee: War axe           |    85 |     5 ||    90
       Flail             |       |    54 ||    54
Throw: Throwing net      |     1 |     1 ||     2
  Use: Potion            |     1 |       ||     1
 Stab: Held in net/web   |       |     1 ||     1
  Eat: Bread ration      |     1 |       ||     1
